 Dungeon Crawl Stone Soup version 0.25-a0-661-g55ea3d2 (webtiles) character file.

Game seed: 4547524128321628372, levelgen mode: deterministic

122 ssssssssss the Insei (level 4, -3/35 HPs)
             Began as a Draconian Transmuter on Mar 24, 2020.
             Was an Initiate of Ru.
             Slain by an orc
             ... wielding a +2 falchion of protection
              (8 damage)
             ... on level 3 of the Dungeon.
             The game lasted 00:20:23 (2754 turns).

ssssssssss the Insei (Draconian Transmuter)         Turns: 2754, Time: 00:20:24

Health: -3/35      AC:  7    Str: 12    XL:     4   Next: 78%
Magic:  7/7        EV: 13    Int: 14    God:    Ru [......]
Gold:   165        SH:  0    Dex: 12    Spells: 6/7 levels left

rFire    . . .     SeeInvis .   b - +2 dagger (vamp)
rCold    . . .     Gourm    .   (no shield)
rNeg     . . .     Faith    .   (armour unavailable)
rPois    .         Spirit   .   a - +0 hat
rElec    .         Reflect  .   h - +0 cloak
rCorr    .         Harm     .   k - +0 pair of gloves
MR       .....                  (no boots)
Stlth    +.........             (no amulet)
HPRegen  0.11/turn              (no ring)
MPRegen  0.10/turn              (no ring)

@: no status effects
A: unfitting armour, cold-blooded, AC +5
a: Renounce Religion


You were on level 3 of the Dungeon.
You worshipped Ru.
Ru was noncommittal.
You were not hungry.

You visited 1 branch of the dungeon, and saw 3 of its levels.

You collected 165 gold pieces.

Inventory:

Hand Weapons
 b - a +2 vampiric dagger (weapon)
 m - a +0 hand axe
 q - a +0 dagger of venom
 r - a +0 hunting sling
 v - a +0 hunting sling
Missiles
 g - 53 stones (quivered)
Armour
 a - a +0 hat (worn)
 h - a +0 cloak (worn)
 k - a +0 pair of gloves (worn)
 n - a +0 robe of resistance {Jessica's Bloody Robe}
Jewellery
 u - a +3 ring of strength {unknown}
 w - a cursed ring of teleportation {unknown}
Scrolls
 e - a scroll of remove curse
 f - a scroll of magic mapping {unknown}
 o - a scroll of random uselessness {unknown}
Potions
 j - a potion of degeneration {unknown}
 l - a potion of magic {unknown}
 p - a potion of cancellation {unknown}
 s - a potion of brilliance
 t - a potion of heal wounds {unknown}
Comestibles
 c - a ration


   Skills:
 + Level 1.4 Fighting
 * Level 1.6 Short Blades
 + Level 2.8 Dodging
 + Level 0.6 Stealth
 + Level 3.8 Unarmed Combat
 + Level 2.3 Spellcasting
 + Level 2.2 Transmutations


You had 6 spell levels left.
You knew the following spells:

 Your Spells              Type           Power        Failure   Level  Hunger
a - Beastly Appendage     Tmut           #.....       9%          1    #......

Your spell library contained the following spells:

 Spells                   Type           Power        Failure   Level  Hunger
 Sticks to Snakes         Tmut           #.......     14%         2    ###....
 Spider Form              Tmut/Pois      #.........   41%         3    ###....
 Ice Form                 Ice/Tmut       #.......     82%         4    #####..
 Blade Hands              Tmut           #.........   94%         5    ######.


Dungeon Overview and Level Annotations

Branches:
Dungeon (3/15)

Altars:
Ru


Innate Abilities, Weirdness & Mutations

Your plain brown scales are hard. (AC +5)
You cannot fit into any form of body armour.
You are cold-blooded and may be slowed by cold attacks.


Message History

* * * LOW HITPOINT WARNING * * *
The orc priest closely misses you.
The hobgoblin hits you but does no damage.
Really read the scroll of immolation?
Uppercase [Y]es or [N]o only, please.
Really read the scroll of immolation?
As you read the scroll of immolation, it crumbles to dust.
The creatures around you are filled with an inner flame!
The orc hits you but does no damage. The orc priest barely misses you.
The hobgoblin misses you.
The orc hits you with a +2 falchion of protection.
* * * LOW HITPOINT WARNING * * *
The orc priest closely misses you.
The hobgoblin hits you but does no damage.
You climb downwards.
The orc hits you.
* * * LOW HITPOINT WARNING * * *
There is a stone staircase leading up here.
The orc completely misses you.
The orc hits you with a +2 falchion of protection!
You die...

... #.# #### ... ..#
.... ....... #.. .....
.......# #.#......#
.......# #.#......#
.......###.#......# .#
.......o@g.......# .#
#+##.....oo#......# .
..#.
#.......#......#.. .#.
#.......#......... ..
#.....o.#......... #.
#.................
#.##................#
#..)..........#######
#.#########.#'########


You could see an orc priest (inner flame), 3 orcs and a hobgoblin (inner flame).

Vanquished Creatures
  An orc wizard (D:2)
  Jessica (D:2)
  An ooze (D:2)
  2 dart slugs (D:1)
  A leopard gecko (D:2)
  A ball python (D:2)
  2 giant cockroaches
  16 goblins
  9 hobgoblins
  5 kobolds
  A quokka (D:2)
  7 bats
  A frilled lizard (D:1)
  5 rats
53 creatures vanquished.

Vanquished Creatures (others)
  4 toadstools (D:1)
4 creatures vanquished.

Grand Total: 57 creatures vanquished

Notes
Turn   | Place    | Note
-------+----------+-------------------------------------------
     0 | D:1      | ssssssssss the Draconian Transmuter began the quest for the
                  | Orb.
     0 | D:1      | Reached XP level 1. HP: 16/16 MP: 3/3
   186 | D:1      | Reached XP level 2. HP: 23/23 MP: 5/5
  1150 | D:2      | Reached XP level 3. HP: 28/28 MP: 6/6
  1681 | D:2      | Noticed Jessica
  1690 | D:2      | Killed Jessica
  1690 | D:2      | Reached XP level 4. HP: 35/35 MP: 7/7
  1704 | D:2      | Found a sacrificial altar of Ru.
  1766 | D:2      | Reached skill level 1 in Short Blades
  1940 | D:2      | Became a worshipper of Ru the Awakened
  2754 | D:3      | Slain by an orc

Levels and vault maps discovered:
D:1:      ldierk_walled_garden_2, layout_basic
D:2:      cheibrodos_greedy_goblins, layout_loops_corners,
          nicolae_ru_awakened_eye, first_ration, minmay_misc_feat_cross,
          uniq_jessica
D:3:      layout_basic

Skill      XL: |  1  2  3  4 |
---------------+-------------+-----
Dodging        | 2 |  2.8
Short Blades   | 1 |  1.6
Fighting       | |  1.4
Stealth        | |  0.6
Unarmed Combat | |  3.8
Spellcasting   | |  2.3
Transmutations | |  2.2

Action                   |  1- 3 |  4- 6 || total
-------------------------+-------+-------++-------
Melee: Dagger            |   129 |    88 ||   217
       Unarmed           |     3 |       ||     3
       Tailslap          |    15 |     9 ||    24
       Punch             |       |     3 ||     3
 Fire: Hunting sling     |       |     3 ||     3
 Cast: Beastly Appendage |     1 |       ||     1
  Use: Potion            |     2 |       ||     2
       Scroll            |     2 |     4 ||     6
 Stab: Sleeping          |     1 |       ||     1
  Eat: Ration            |     1 |     1 ||     2
Armor: Skin              |    47 |    57 ||   104
Dodge: Dodged            |    66 |    92 ||   158

Table legend:
 A = Non-vault XP
 B = Vault XP
 C = Vault XP percentage of total XP
 D = Non-vault monster count
 E = Vault monster count
 F = Vault count percentage of total count
                 A         B        C        D         E       F
            +---------+---------+-------+---------+---------+-------
      Total |     116 |      59 |  33.7 |      41 |      12 |  22.6
            +---------+---------+-------+---------+---------+-------
        D:1 |      32 |       0 |   0.0 |      19 |       0 |   0.0
        D:2 |      74 |      59 |  44.4 |      16 |      12 |  42.9
        D:3 |      10 |       0 |   0.0 |       6 |       0 |   0.0
            +---------+---------+-------+---------+---------+-------
